[Event "*** Titled Tuesday Blitz"]
[Site "Chess.com"]
[Date "2018.08.07"]
[Round "2"]
[White "Annawel"]
[Black "Haykos"]
[Result "1-0"]
[WhiteElo "2789"]
[BlackElo "2510"]
[TimeControl "180+2"]
[EndTime "13:21:15 PDT"]
[Termination "Annawel won by resignation"]

1. e4 c5 2. Nf3 e6 3. g3 Nc6 4. Bg2 b6 5. O-O Bb7 6. d4 cxd4 7. Nxd4 Nf6 8. Nc3 Nxd4 9. Qxd4 Bc5 10. Qd3 O-O 11.
b3 a6 12. Bb2 b5 13. Rad1 Qb6 14.
h3 Rfd8 15. e5 Bxg2 16. Kxg2 Ne8 17. Ne4 Be7 18. Rd2 d5 19. exd6 Nxd6 20. Rfd1 Nxe4 21. Qxe4 Rac8 22. Qg4 Bf8 23. Qf3 b4 24.
c4 bxc3 25. Bxc3 Rxd2 26. Rxd2 Qc6 27. Rd3 Qxf3+ 28. Kxf3 Rc6 29. Ba5 Bd6 30. g4 f6 31.
a4 Kf7 32. Rc3 Rxc3+ 33. Bxc3 Bc5 34. Ke2 f5 35. f3 fxg4 36. fxg4 g6 37. Kf3 Ke7 38.
Ke4 Kd6 39. b4 Bf2 40. Bd4 Bg3 41. b5 axb5 42. axb5 h5 43. Ba7 Kc7 44. Be3 hxg4 45. hxg4 Kb7 46. Bf4 Bh4 47. Ke5 Kb6 48. Kxe6 Kxb5 49.
Kf7 Kc6 50. Kxg6 Kd7 51. Bg5 Bg3 52. Bf6 Bf4 53. Bg5 Bg3 54. Be3 Bh4 55. Kf7 Kd6 56. Bd4 Kd5 57. Bf6 Bg3 58. g5 Bf4 59. g6 Bh6 60. Bg5 1-0

[Event "*** Titled Tuesday Blitz"]
[Site "Chess.com"]
[Date "2018.08.07"]
[Round "2"]
[White "NateSolon"]
[Black "GadimbayliA"]
[Result "0-1"]
[WhiteElo "2485"]
[BlackElo "2674"]
[TimeControl "180+2"]
[EndTime "13:21:15 PDT"]
[Termination "GadimbayliA won by resignation"]

1. d4 e6 2. Nf3 Nf6 3. Bf4 b6 4. e3 Bb7 5. Nbd2 d5 6. Bd3 Bd6 7. Ne5 O-O 8. g4 c5 9. c3 Nc6 10. g5 Ne8 11. Qh5 g6 12. Qh6 Bxe5 13. dxe5 Ng7 14.
O-O-O Ne7 15. Rhg1 b5 16. Kb1 a5 17. Bxb5 Qb6 18.
Bd3 Bc6 19. Ka1 Rfb8 20. Rb1 a4 21. a3 c4 22. Bc2 Qc5 23. Nf3 Rb3 24. Ka2 Nh5 25.
Nd4 Rb7 26. Bd1 Kh8 27. Bxh5 Ng8 28. Bd1 Nxh6 29. gxh6 Rab8 30. Bg5 Kg8 31. Bf6 Rb6 32. Bc2 Bd7 33. h4 Qc7 34. Be7 Qxe5 35. Rg5 Qc7 36. h5 e5 37. Nf3 Bg4 38. Rxg4 Qxe7 39. hxg6 fxg6 40. e4 Qb7 0-1

[Event "*** Titled Tuesday Blitz"]
[Site "Chess.com"]
[Date "2018.08.07"]
[Round "2"]
[White "penguingm1"]
[Black "yoolund"]
[Result "1-0"]
[WhiteElo "2825"]
[BlackElo "2518"]
[TimeControl "180+2"]
[EndTime "13:21:20 PDT"]
[Termination "penguingm1 won by resignation"]

1. d4 Nf6 2. c4 g6 3. f3 Bg7 4. e4 d6 5. Nc3 O-O 6. Nge2 c5 7. d5 e6 8. Ng3 exd5 9. cxd5 h5 10. Bg5 Qb6 11. Qd2 Nh7 12. Bh4 a6 13. Be2 Qc7 14.
a4 Nd7 15. O-O Ne5 16. h3 c4 17. f4 Nd3 18. Bxd3 cxd3 19. Qxd3 Bd7 20. a5 b5 21.
e5 dxe5 22. f5 Qc4 23. Qxc4 bxc4 24. Be7 Rfe8 25. f6 Bh6 26. Rae1 Bf4 27. Nge4 Reb8 28.
Re2 Rb3 29. Nc5 Bf5 30. Nxb3 cxb3 31. d6 Nf8 32. Rf3 Ne6 33. d7 Nd8 34. Rxf4 exf4 35. Bxd8 Bxd7 36. Bb6 Re8 37. Rxe8+ Bxe8 38. h4 Kh7 39. Bc7 1-0

[Event "*** Titled Tuesday Blitz"]
[Site "Chess.com"]
[Date "2018.08.07"]
[Round "2"]
[White "W_Amadeus"]
[Black "Zhigalko_Sergei"]
[Result "0-1"]
[WhiteElo "2589"]
[BlackElo "2862"]
[TimeControl "180+2"]
[EndTime "13:21:21 PDT"]
[Termination "Zhigalko_Sergei won by resignation"]

1. d4 Nf6 2. c4 e6 3. Nf3 b6 4. g3 Ba6 5. b3 Bb4+ 6. Bd2 Be7 7.
Nc3 O-O 8. Bg2 c6 9. e4 d5 10.
exd5 cxd5 11. Ne5 Bb7 12. O-O Nc6 13. Bf4 Rc8 14. Rc1 Na5 15. Qe2 h6 16. Rfd1 Re8 17. Bh3 Ba3 18. Rc2 a6 19. Bg2 Qe7 20. Na4 Qd8 21. c5 bxc5 22. Nxc5 Bxc5 23. Rxc5 Rxc5 24. dxc5 Nd7 25. c6 Nxc6 26. Nxc6 Bxc6 27. Qxa6 Qa8 28. Qxa8 Rxa8 29. a4 g5 30. Be3 Nf6 31. Rc1 Be8 32. Bd4 Ne4 33. Bxe4 dxe4 34. Rc7 Rd8 35. Bf6 Rd1+ 36.
Kg2 Kh7 37. h4 Kg6 38. hxg5 hxg5 39. Bc3 Rb1 40. Rc8 Rxb3 41. Rxe8 Rxc3 42. a5 Ra3 43. Ra8 Ra2 44. Kf1 Kf5 45. a6 Kg4 46. Rf8 f5 47. Ra8 Kf3 48. Ke1 Ra1+ 49. Kd2 Kxf2 0-1

[Event "*** Titled Tuesday Blitz"]
[Site "Chess.com"]
[Date "2018.08.07"]
[Round "2"]
[White "Koksik_13"]
[Black "BillieKimbah"]
[Result "0-1"]
[WhiteElo "2606"]
[BlackElo "2820"]
[TimeControl "180+2"]
[EndTime "13:21:25 PDT"]
[Termination "BillieKimbah won by resignation"]

1. e4 c6 2. d4 d5 3. Nc3 dxe4 4. Nxe4 Nf6 5. Ng3 h5 6. Nf3 h4 7. Ne2 Bg4 8. Nf4 h3 9. Nxh3 Bxh3 10. gxh3 e6 11.
Bg2 Nbd7 12. c3 g6 13. Bf4 Nd5 14. Bg3 Bh6 15. Qe2 Nf4 16. Bxf4 Bxf4 17. O-O Nf6 18. Rae1 Nh5 19. c4 O-O 20. Rd1 Bc7 21. Ne5 Qg5 22.
Qg4 Qh6 23. f4 Rad8 24. Kh1 Ng7 25. Be4 Nf5 26. Bxf5 exf5 27. Qg3 Kg7 28. Rg1 Rh8 29. Rd3 Bb6 30. c5 Bc7 31. b4 Rd5 32. a4 Rhd8 33.
Rgd1 Qh5 34. Kg2 Qe2+ 35. Qf2 Qe4+ 36. Qf3 f6 37. Nc4 Bxf4 38. b5 Bc7 39. R1d2 Qh4 40. Re2 R8d7 41. Rde3 Rxd4 42. Re7+ Kh6 43. Nd6 Rxe7 44.
Rxe7 Bxd6 45. cxd6 Rxd6 46. Qe3+ f4 47. Qe2 Rd5 48. Re8 Qg5+ 49. Kf1 f3 50. Qxf3 Rf5 0-1

[Event "*** Titled Tuesday Blitz"]
[Site "Chess.com"]
[Date "2018.08.07"]
[Round "2"]
[White "LittlePeasant"]
[Black "DoctorSocrates"]
[Result "0-1"]
[WhiteElo "2781"]
[BlackElo "2530"]
[TimeControl "180+2"]
[EndTime "13:21:25 PDT"]
[Termination "DoctorSocrates won by resignation"]

1. e4 e6 2. d4 d5 3. Nc3 Bb4 4. e5 c5 5. a3 Bxc3+ 6. bxc3 Ne7 7. h4 Qa5 8. Bd2 Nbc6 9. h5 h6 10. Nf3 Bd7 11. Rh4 Nf5 12. Rg4 Qa4 13. Bd3 Nce7 14. Rf4 c4 15. Bf1 g5 16. hxg6 fxg6 17. g4 g5 18.
gxf5 exf5 19. Qb1 b6 20. Bh3 gxf4 21. Nh4 Be6 22. Bxf4 Kd7 23. Kd2 Rag8 24. Qb4 Qxb4 25.
axb4 Ra8 26. b5 Kc7 27. Ke3 Kb7 28. Ng2 a5 29. bxa6+ Rxa6 30. Rb1 Rha8 31. Bg3 Ra1 32. Rxa1 Rxa1 33. Nf4 Bf7 34. Bh4 Ng6 35. Nxg6 Bxg6 36. Kf4 Rh1 37. Kg3 Kc6 38. Bg2 f4+ 39. Kg4 Rg1 40. Kh3 Bf5+ 41. Kh2 Rc1 42. Bf3 Rxc2 43. Kg2 Rxc3 44. Bf6 Bh3+ 45. Kxh3 Rxf3+ 46. Kg4 Rxf2 47. Kf5 c3 48. e6 Re2 49. Be5 c2 50. Kf6 c1=Q 51.
Kf7 Kb7 52. e7 Qc6 0-1

[Event "*** Titled Tuesday Blitz"]
[Site "Chess.com"]
[Date "2018.08.07"]
[Round "2"]
[White "Drags95"]
[Black "Oleksandr_Bortnyk"]
[Result "0-1"]
[WhiteElo "2613"]
[BlackElo "2765"]
[TimeControl "180+2"]
[EndTime "13:21:25 PDT"]
[Termination "Oleksandr_Bortnyk won by resignation"]

1. e4 Nf6 2. e5 Nd5 3. d4 d6 4.
Nf3 dxe5 5. Nxe5 c6 6. Be2 Bf5 7. O-O Nd7 8. Nf3 e6 9. c4 N5f6 10. Nc3 Bd6 11. d5 cxd5 12. cxd5 e5 13. Nb5 Bb8 14. Nh4 Bg6 15. Be3 a6 16. Nc3 O-O 17. Nxg6 hxg6 18. Qb3 b6 19. Qa3 e4 20. d6 Nc5 21. Bxc5 bxc5 22. Qxc5 Bxd6 23. Qe3 Qc7 24. g3 Bc5 25. Qg5 Rab8 26. Rac1 Qa5 27. Kh1 Rxb2 28.
Bc4 e3 29. fxe3 Qb6 30. Nd5 Qb7 31. e4 Nxe4 32. Qe5 Nf2+ 33. Rxf2 Rxf2 34. Bb3 Rf5 35. Qe4 Qb5 36. Bc4 Qb2 37. Re1 Qf2 38.
Bb3 Rh5 39. h4 Qxg3 0-1

[Event "*** Titled Tuesday Blitz"]
[Site "Chess.com"]
[Date "2018.08.07"]
[Round "2"]
[White "GMMelik"]
[Black "Keranke"]
[Result "1/2-1/2"]
[WhiteElo "2605"]
[BlackElo "2828"]
[TimeControl "180+2"]
[EndTime "13:21:27 PDT"]
[Termination "Game drawn by repetition"]

1. d4 g6 2. e4 Bg7 3. Nc3 d6 4.
Nf3 a6 5. a4 b6 6. Be2 Bb7 7.
O-O Nd7 8. Re1 e6 9. Bf1 Ne7 10. h3 O-O 11. Be3 h6 12. Qd2 g5 13. Rad1 Ng6 14.
d5 Qe7 15. Nd4 Nde5 16. b3 Kh8 17. g3 Rg8 18. Bg2 Raf8 19. Kh2 Qd7 20. Qe2 c5 21. dxc6 Nxc6 22. Qh5 Qd8 23. Nxc6 Bxc6 24. Bd4 Kh7 25. Bxg7 Rxg7 26. e5 Bxg2 27. Kxg2 Qa8+ 28. f3 dxe5 29. Ne4 f6 30. Rd6 b5 31. Rxe6 Rgf7 32. Nxg5+ fxg5 33. Qxg6+ Kh8 34. Re3 Qd8 35. R6xe5 Rf6 36. Qd3 Qxd3 37. Rxd3 bxa4 38. bxa4 Rc8 39. c3 Rc4 40. Re4 Rc5 41.
Red4 Kg7 42. Rd7+ Kg6 43. R7d6 Ra5 44. Rxf6+ Kxf6 45. Rd4 Ke5 46. Rc4 Kd5 47. Rd4+ Ke5 48. h4 Rc5 49. hxg5 hxg5 50. Rg4 Kf5 51. Rd4 Rxc3 52.
Rd5+ Kg6 53. Rd6+ Kf5 54. Rxa6 Ra3 55. Ra5+ Kf6 56. Kh3 Rxf3 57. Kg4 Ra3 58. Ra6+ Ke5 59. Ra5+ Kf6 60. Rf5+ Ke6 61. Ra5 Kf6 1/2-1/2

[Event "*** Titled Tuesday Blitz"]
[Site "Chess.com"]
[Date "2018.08.07"]
[Round "2"]
[White "SergeiAza"]
[Black "timator"]
[Result "0-1"]
[WhiteElo "2694"]
[BlackElo "2376"]
[TimeControl "180+2"]
[EndTime "13:21:35 PDT"]
[Termination "timator won on time"]

1. e4 c5 2. Nf3 Nc6 3. d4 cxd4 4.
Nxd4 Nf6 5. Nc3 e6 6. Ndb5 Bb4 7. a3 Bxc3+ 8. Nxc3 d5 9. Bd3 O-O 10. O-O d4 11.
Ne2 e5 12. h3 Re8 13. Ng3 Nd7 14.
f4 Nc5 15. f5 Nxd3 16. cxd3 f6 17. Nh5 Rf8 18. Rf3 Kh8 19. Rg3 Rf7 20. Bd2 Qe8 21.
Rg4 Bd7 22. Rh4 Rc8 23. Qf3 Ne7 24. Rf1 Rc2 25. Bc1 Qc8 26. Qd1 Ba4 27. Qe1 Bb5 28. Qd1 Ba4 29. Kh1 Qc6 30. Ng3 Kg8 31. Qe1 Bb5 32. Qd1 Ba4 33. Qe1 Bb5 34. Qd1 Bxd3 35. Qxd3 Rxc1 36. Kh2 Rxf1 37. Nxf1 Nc8 38. Nd2 Nd6 39.
Rg4 Rc7 40. Qb3+ Kf8 41. Rg3 Nc4 42. Qb4+ Qd6 43. Qa5 Nxa5 0-1

[Event "*** Titled Tuesday Blitz"]
[Site "Chess.com"]
[Date "2018.08.07"]
[Round "2"]
[White "murmah2003"]
[Black "keisyzrk"]
[Result "0-1"]
[WhiteElo "2563"]
[BlackElo "2292"]
[TimeControl "180+2"]
[EndTime "13:21:36 PDT"]
[Termination "keisyzrk won by resignation"]

1. d4 Nf6 2. c4 g6 3. Nc3 d5 4. Bg5 Ne4 5. Bh4 Nxc3 6. bxc3 Bg7 7. e3 c5 8. Nf3 Nc6 9. cxd5 Qxd5 10. Be2 O-O 11.
O-O cxd4 12. cxd4 e5 13. dxe5 Qxd1 14. Rfxd1 Nxe5 15. Nxe5 Bxe5 16. Rab1 b6 17. f4 Bg7 18. Bf3 Bf5 19. e4 Be6 20. a3 Rfc8 21. e5 Rab8 22.
Be7 Bf8 23. Bd6 Bxd6 24. exd6 Rd8 25. Rbc1 b5 26. Kf2 a5 27. Rd4 b4 28. axb4 axb4 29. Ke3 b3 30. Rb1 b2 31. Kd2 Ba2 32. Be4 Bxb1 33. Bxb1 Rb6 34. d7 Rb7 35. Be4 Rdxd7 36. Rxd7 Rxd7+ 37. Kc2 Re7 38. Bf3 Rc7+ 39. Kxb2 Kg7 40.
Kb3 Kf6 41. Be4 Ke6 42. g3 Kd6 43. Kb2 Kc5 44. Kc3 Re7 45. Kd3 Kd6 46. Bf3 Ra7 47.
Ke3 Ra2 48. h3 Kc5 49. Be4 f5 50. Bf3 Ra3+ 51. Kf2 Kd4 52. g4 Ra2+ 53. Kg3 Ke3 54. gxf5 gxf5 55. Bd5 Ra4 56. Bg8 h6 0-1

[Event "*** Titled Tuesday Blitz"]
[Site "Chess.com"]
[Date "2018.08.07"]
[Round "2"]
[White "CookiesAndIceCream"]
[Black "MaxLeto"]
[Result "1-0"]
[WhiteElo "2261"]
[BlackElo "2388"]
[TimeControl "180+2"]
[EndTime "13:21:39 PDT"]
[Termination "CookiesAndIceCream won by checkmate"]

1. e4 c5 2. Nf3 d6 3. d4 cxd4 4. Nxd4 Nf6 5. Nc3 a6 6. Be3 Ng4 7. Bg5 h6 8. Bh4 g5 9. Bg3 Bg7 10. h3 Ne5 11. Be2 Nbc6 12. Nb3 Be6 13. Nd5 Ng6 14. c3 Nce5 15. O-O Bxd5 16. exd5 Qb6 17. Qd2 O-O-O 18. Nd4 Kb8 19. a4 h5 20. Qxg5 h4 21. Bh2 Bf6 22. Qe3 Qc7 23. b3 Rdg8 24. a5 Nd7 25. b4 Nge5 26. b5 axb5 27. Nxb5 Qc5 28. Qd2 Rg6 29. a6 Rhg8 30. Bg4 Nxg4 31. hxg4 Rxg4 32.
Kh1 Rxg2 33. axb7 Kxb7 34. Ra7+ Kc8 35. Rc7+ Qxc7 36. Nxc7 Kxc7 37. Ra1 Nc5 38. Qb2 h3 39. Ra7+ Kc8 40. Ra8+ Kc7 41. Ra7+ Kc8 42. Qb6 Ne6 43. Qb7+ Kd8 44. Qd7# 1-0

[Event "*** Titled Tuesday Blitz"]
[Site "Chess.com"]
[Date "2018.08.07"]
[Round "2"]
[White "eljanov"]
[Black "pKiLz5Rn9b"]
[Result "1-0"]
[WhiteElo "2663"]
[BlackElo "2706"]
[TimeControl "180+2"]
[EndTime "13:21:43 PDT"]
[Termination "eljanov won by resignation"]

1. d4 Nf6 2. Nf3 e6 3. c4 d5 4. g3 Bb4+ 5. Bd2 Be7 6. Bg2 O-O 7. O-O c6 8. Qc2 Ne4 9. Bf4 g5 10. Be3 Nd6 11. b3 b5 12. c5 Nf5 13. Bc1 g4 14. Ne5 Nxd4 15. Qd1 Nf5 16. Nxg4 Bxc5 17. Bb2 f6 18. e4 Ng7 19. Nd2 e5 20. exd5 cxd5 21.
Rc1 Na6 22. Nb1 Be6 23. Nc3 d4 24. Nxb5 Rb8 25. a4 h5 26. Nh6+ Kh7 27. Rxc5 Nxc5 28. Qc2+ f5 29. Qxc5 Kxh6 30. Qxe5 Qf6 31. Qf4+ Qg5 32.
Qxd4 Kh7 33. Re1 Bg8 34. b4 a6 35. Nd6 Rbd8 36. h4 Qg6 37. Re7 Rf7 38. Nxf7 Rxd4 39.
Ng5+ Kh6 40. Bxd4 Ne6 41. Nxe6 Bxe6 42. Be3+ f4 43. Bxf4+ 1-0

[Event "*** Titled Tuesday Blitz"]
[Site "Chess.com"]
[Date "2018.08.07"]
[Round "2"]
[White "Kimster98"]
[Black "GMG"]
[Result "0-1"]
[WhiteElo "2504"]
[BlackElo "2754"]
[TimeControl "180+2"]
[EndTime "13:21:50 PDT"]
[Termination "GMG won by resignation"]

1. d4 f5 2. g3 Nf6 3. Bg2 e6 4. Nf3 d5 5. O-O Bd6 6. c4 O-O 7. Nc3 c6 8. Qc2 Bd7 9. Rb1 Be8 10. b4 dxc4 11. Nd2 b5 12. e4 fxe4 13. Ndxe4 Bg6 14. Nxf6+ gxf6 15. Ne4 Nd7 16. Qe2 Qe7 17. Bh6 Rfe8 18. Rbd1 Bxb4 19. h4 Kh8 20. h5 Bf7 21. g4 Rg8 22. f4 Qe8 23. Bf3 Bxh5 24. Kf2 Bg6 25. Rh1 Bf8 26. g5 Qf7 27. Ng3 Rc8 28.
Rde1 Bxh6 29. Rxh6 fxg5 30. fxg5 Rgf8 31. Kg2 c5 32. Be4 Rg8 33. Reh1 Nf8 34. Nh5 Bxe4+ 35. Qxe4 Rxg5+ 36. Ng3 Qf5 37. Qb7 Qd5+ 38. Qxd5 exd5 39. dxc5 d4 40. Kf3 d3 41. Re1 Rgxc5 42. Re7 R5c7 43. Re5 c3 44. Ne4 d2 45. Rd5 c2 46. Nf6 d1=Q+ 47. Kf4 c1=Q+ 0-1

[Event "*** Titled Tuesday Blitz"]
[Site "Chess.com"]
[Date "2018.08.07"]
[Round "2"]
[White "Carolina-moon"]
[Black "Morshynska"]
[Result "1-0"]
[WhiteElo "2151"]
[BlackElo "2125"]
[TimeControl "180+2"]
[EndTime "13:21:50 PDT"]
[Termination "Carolina-moon won by resignation"]

1. e4 e5 2. Nf3 Nc6 3. Bb5 a6 4. Bxc6 dxc6 5. O-O Qf6 6. d4 exd4 7. Bg5 Qd6 8. Nxd4 Be7 9. Bxe7 Nxe7 10. Nc3 O-O 11.
Re1 c5 12. Nde2 Qh6 13. Qc1 Qxc1 14. Raxc1 Bd7 15. Rcd1 Rad8 16. Nf4 Bc6 17. f3 b5 18.
Kf2 c4 19. a3 Rfe8 20. Rxd8 Rxd8 21. Rd1 Rxd1 22. Nxd1 Ng6 23. Nxg6 hxg6 24. Ke3 Kf8 25. Kd4 Ke7 26. Kc5 Be8 27. Nc3 c6 28. Ne2 Kd7 29. Kb6 Kd6 30. Kxa6 c5 31. Nc3 b4 32. axb4 cxb4 33. Nb5+ Kc5 34. Nc7 Bc6 35. c3 b3 36.
Ka5 g5 37. Na6+ Kd6 38. Kb4 g4 39. Kxc4 gxf3 40. gxf3 Ke5 41. Nc5 Kf4 42. Nxb3 Kxf3 43. Nd4+ Kxe4 44. Nxc6 f5 45. Nd4 f4 46. b4 g5 47. b5 g4 48. b6 g3 49. hxg3 fxg3 50. Ne2 g2 51. Ng1 Ke3 52. b7 Kf2 53. Nh3+ Kg3 54. Ng1 Kf2 55. b8=Q Kxg1 56. Qg3 1-0

[Event "*** Titled Tuesday Blitz"]
[Site "Chess.com"]
[Date "2018.08.07"]
[Round "2"]
[White "HansCoolNiemann"]
[Black "BasilSmash"]
[Result "0-1"]
[WhiteElo "2475"]
[BlackElo "2447"]
[TimeControl "180+2"]
[EndTime "13:21:51 PDT"]
[Termination "BasilSmash won by checkmate"]

1. d4 d5 2. c4 e6 3. Nf3 Nf6 4. Nc3 Be7 5. Bf4 O-O 6. e3 b6 7.
Rc1 Bb7 8. h3 Nbd7 9. a3 c5 10.
Be2 dxc4 11. Bxc4 a6 12. O-O b5 13. Be2 Qb6 14. dxc5 Nxc5 15. Ne5 Rfd8 16. Qc2 Rac8 17. Rfd1 Rxd1+ 18. Qxd1 h6 19. Bf3 Rd8 20. Qe2 Nce4 21.
Nxe4 Nxe4 22. Rd1 Rxd1+ 23. Qxd1 Nd6 24. Bxb7 Qxb7 25. Qc2 Qc8 26. Qxc8+ Nxc8 27. Nc6 Bc5 28. b4 Bb6 29. e4 Kf8 30. e5 Ne7 31. Nb8 Nd5 32.
Bd2 Ke8 33. Nxa6 Kd7 34. Kf1 Kc6 35. Ke2 g5 36. f3 Kb7 37. Nc5+ Bxc5 38. bxc5 Kc6 39. Bb4 Nf4+ 40. Ke3 Nxg2+ 41. Ke4 h5 42. Bd2 Kxc5 43. Bxg5 Kc4 44. Bd2 Nh4 45. Kf4 Ng6+ 46.
Kg5 Nxe5 47. Kxh5 Nxf3 48. Bb4 e5 49. Kg4 e4 50. Kf4 Kd3 51. Bc5 f5 52. Bb6 Nd4 53.
h4 e3 54. h5 b4 55. h6 e2 56.
h7 e1=Q 57. h8=Q Qe3# 0-1

[Event "*** Titled Tuesday Blitz"]
[Site "Chess.com"]
[Date "2018.08.07"]
[Round "2"]
[White "luca_va99"]
[Black "MaestroASK"]
[Result "0-1"]
[WhiteElo "2320"]
[BlackElo "2468"]
[TimeControl "180+2"]
[EndTime "13:21:52 PDT"]
[Termination "MaestroASK won by resignation"]

1. e4 d6 2. d4 g6 3. Nc3 c6 4. Be3 e5 5. dxe5 dxe5 6. Qxd8+ Kxd8 7. O-O-O+ Nd7 8. f4 exf4 9. Bxf4 Bh6 10. Bxh6 Nxh6 11. Nf3 Ke7 12. h3 f6 13. Bc4 Ne5 14. Nxe5 fxe5 15.
a4 a5 16. Rhf1 Be6 17. Bxe6 Kxe6 18. Rd3 Rad8 19. Rdf3 Ke7 20. g4 Rdf8 21. Rxf8 Rxf8 22. Rxf8 Kxf8 23. Nd1 Ke7 24. Ne3 b5 25. axb5 cxb5 26. Kd2 Nf7 27. Nd5+ Kd6 28. h4 Kc5 29. Kd3 a4 30. Nf6 h6 31. Nd7+ Kc6 32. Nf8 g5 33. h5 Nd6 34. Ng6 Nf7 35. Ne7+ Kc5 36. Nf5 b4 37. c3 Kb5 38. Kc2 Ka5 39. Ne3 Nd6 40. cxb4+ Kxb4 41. Nf5 Nf7 42. Ne7 Kc4 43. Nc6 Kc5 44.
Na5 Nd6 45. Kc3 Kb5 46. b4 Nxe4+ 47. Kd3 Nf2+ 48. Ke3 Nxg4+ 49. Ke4 Kxb4 50. Nc6+ Kc5 51. Ne7 a3 0-1

[Event "*** Titled Tuesday Blitz"]
[Site "Chess.com"]
[Date "2018.08.07"]
[Round "2"]
[White "m3alam"]
[Black "chess4life23"]
[Result "1-0"]
[WhiteElo "2178"]
[BlackElo "2277"]
[TimeControl "180+2"]
[EndTime "13:21:53 PDT"]
[Termination "m3alam won by resignation"]

1. d4 Nf6 2. Nf3 g6 3. g3 Bg7 4. Bg2 O-O 5. O-O d6 6. c4 Nbd7 7. Nc3 c5 8. d5 a6 9. h3 b5 10. cxb5 axb5 11. Nxb5 Ba6 12. Nc3 Nb6 13. Re1 Ne8 14.
e4 Nc4 15. Qc2 Qa5 16. Rb1 Na3 17. bxa3 Bxc3 18. Re3 Bg7 19. Bd2 Qd8 20. Bc3 Nc7 21. Bxg7 Kxg7 22. Reb3 Qd7 23. Nd2 Nb5 24. Rxb5 Bxb5 25.
Qb2+ f6 26. Qxb5 Qxb5 27. Rxb5 Rxa3 28. Rb7 Rf7 29. Nc4 Rxa2 30. Bf1 Rc2 31. g4 f5 32. e5 fxg4 33. e6 Rfxf2 34. Rxe7+ Kh6 35. Rf7 Rxf1+ 36. Kxf1 Rxc4 37. h4 Rd4 38. e7 Re4 39.
Kf2 g5 40. Rf6+ Kh5 41. Re6 Rf4+ 42. Ke2 1-0

[Event "*** Titled Tuesday Blitz"]
[Site "Chess.com"]
[Date "2018.08.07"]
[Round "2"]
[White "Egorov_Pavel"]
[Black "Antifish7"]
[Result "0-1"]
[WhiteElo "2304"]
[BlackElo "2412"]
[TimeControl "180+2"]
[EndTime "13:21:53 PDT"]
[Termination "Antifish7 won by checkmate"]

1. d4 Nf6 2. c4 c5 3. d5 b5 4.
cxb5 a6 5. bxa6 g6 6. Nc3 Bxa6 7. e4 Bxf1 8. Kxf1 d6 9. g3 Bg7 10. Kg2 O-O 11. Nf3 Na6 12. Re1 Nd7 13. a4 Nb4 14. Qe2 Qa5 15. Ra3 Rfb8 16. Nb5 Ne5 17. Nxe5 Bxe5 18. f4 Bg7 19. Rd1 Rc8 20. b3 Qd8 21. Bb2 Bxb2 22. Qxb2 Qd7 23. Raa1 c4 24. Qc3 Na6 25.
bxc4 Nc5 26. Qc2 Qg4 27. h3 Qh5 28. a5 Ra6 29. Re1 Qh6 30. Qd2 Nb3 31. Qd3 Nxa1 32. Rxa1 Qg7 33. Ra2 Qf8 34. e5 Qd8 35. Qc3 Rca8 36.
exd6 exd6 37. f5 Rxa5 38. Rf2 Ra2 39. fxg6 Rxf2+ 40. Kxf2 hxg6 41. Qf3 Ra2+ 42. Kf1 Qg5 43. Qf4 Qh5 44. Qg4 Qe5 45. Nd4 Qe3 46. Qc8+ Kh7 47. Qg4 Qf2# 0-1

[Event "*** Titled Tuesday Blitz"]
[Site "Chess.com"]
[Date "2018.08.07"]
[Round "2"]
[White "thegreendog"]
[Black "krzysztofszczurek"]
[Result "0-1"]
[WhiteElo "2320"]
[BlackElo "2403"]
[TimeControl "180+2"]
[EndTime "13:21:53 PDT"]
[Termination "krzysztofszczurek won by resignation"]

1. e4 c5 2. Nf3 d6 3. d4 cxd4 4. Nxd4 Nf6 5. Nc3 a6 6. h3 g6 7. g4 Bg7 8. Be3 Nc6 9. Bg2 Bd7 10. a4 Rc8 11. O-O O-O 12. Nd5 Ne5 13. b3 Nc6 14. c4 e6 15. Nxf6+ Bxf6 16. Rc1 Qe7 17. Qd2 Rfd8 18. Rfd1 Nxd4 19. Bxd4 Bc6 20.
a5 Bxd4 21. Qxd4 Qg5 22. Rd3 Qxa5 23. Rcd1 Qg5 24. Qb6 Qe7 25. e5 d5 26. cxd5 exd5 27. Bxd5 Bxd5 28. Rxd5 Rxd5 29. Rxd5 Re8 30. f4 Qh4 31. Qf2 Qxh3 32. Qg2 Qxb3 33. Rd7 b5 34. Kh2 a5 35. Qd2 Qb4 36. Qd5 Qxf4+ 37. Kg2 Qxg4+ 38. Kh2 Qe6 39. Qxb5 Qxe5+ 40. Qxe5 Rxe5 41. Rd8+ Kg7 42. Kg3 h5 43. Kf4 Rf5+ 44. Ke4 Kh6 45. Ra8 Kg5 46.
Rh8 h4 47. Ke3 Kg4 48. Rb8 Kg3 49. Rh8 h3 50. Ke4 h2 0-1

[Event "*** Titled Tuesday Blitz"]
[Site "Chess.com"]
[Date "2018.08.07"]
[Round "2"]
[White "tomsishere"]
[Black "2Tilted"]
[Result "0-1"]
[WhiteElo "2365"]
[BlackElo "2344"]
[TimeControl "180+2"]
[EndTime "13:21:57 PDT"]
[Termination "2Tilted won by resignation"]

1. e4 c5 2. Nf3 e6 3. b3 b6 4. Bd3 Bb7 5. O-O d6 6. Re1 Nd7 7. Bb2 Qc7 8. Qe2 Ngf6 9. e5 dxe5 10. Nxe5 Nxe5 11. Bxe5 Bd6 12. Nc3 Bxe5 13. Qxe5 Qxe5 14.
Rxe5 Ke7 15. Bc4 Rhd8 16. d3 Kf8 17. Rae1 Bc6 18. Bb5 Bb7 19. a4 h6 20. f3 g5 21.
Kf2 Kg7 22. h4 g4 23. Kg3 gxf3 24. gxf3 Rg8 25. Kf2 Kf8 26. Ne4 Nxe4+ 27. dxe4 Rd8 28. Bd3 Rd6 29. a5 Ke7 30. axb6 axb6 31. Ra1 Rd7 32. Ra7 Bc6 33. Rxd7+ Bxd7 34. Rh5 Rh8 35. e5 Kf8 36. f4 Kg7 37. f5 exf5 38. Bxf5 Be6 39. Ke3 Rd8 40. Bd3 Bg4 41. Be2 Bxh5 42. Bxh5 Rd4 43.
Bf3 Rxh4 44. Bd5 Rd4 45. c4 h5 46. Bb7 Rg4 47. Bc8 Rg1 48. Kf4 h4 49. e6 fxe6 50. Bxe6 Kf6 51. Bg4 Rg3 52. Bf3 Rxf3+ 53. Kxf3 Kf5 54.
Kg2 Ke4 55. Kh3 Kd4 56. Kxh4 Kc3 57. Kg4 Kxb3 58. Kf4 Kxc4 59. Ke3 Kc3 60. Ke2 Kc2 61. Ke3 b5 62. Ke4 b4 63. Kd5 b3 64. Kxc5 b2 0-1

[Event "*** Titled Tuesday Blitz"]
[Site "Chess.com"]
[Date "2018.08.07"]
[Round "2"]
[White "OparinGrigoriy"]
[Black "Divertissement"]
[Result "1-0"]
[WhiteElo "2888"]
[BlackElo "2564"]
[TimeControl "180+2"]
[EndTime "13:22:00 PDT"]
[Termination "OparinGrigoriy won by checkmate"]

1. e4 e5 2. Nf3 Nc6 3. Bb5 a6 4.
Ba4 Nf6 5. O-O Nxe4 6. d4 b5 7. Bb3 d5 8. dxe5 Be6 9. Qe2 Be7 10. Rd1 Na5 11. Nbd2 Nxb3 12. axb3 Nxd2 13. Bxd2 O-O 14. b4 c5 15. bxc5 Bxc5 16. h3 Qb6 17. Bc3 Be7 18. Bd4 Qc6 19. Be3 Qc4 20. Nd4 Qxe2 21. Nxe2 b4 22. Nd4 Rfc8 23. f4 g6 24. Kf2 Bc5 25.
Rd2 Bxd4 26. Bxd4 h5 27. Ra5 Rc4 28. c3 bxc3 29. bxc3 Rc6 30. Rb2 Bf5 31. Kg3 Be4 32. Kh4 Kh7 33. Kg5 Rac8 34. g4 hxg4 35. hxg4 Kg8 36.
Rh2 Rxc3 37. Rxa6 Rd3 38. Bb2 d4 39. e6 fxe6 40. Ra7 Rb8 41. Ba3 Rb5+ 42. Kf6 Rb8 43.
Rg7# 1-0

[Event "*** Titled Tuesday Blitz"]
[Site "Chess.com"]
[Date "2018.08.07"]
[Round "2"]
[White "gmjlh"]
[Black "josiwales"]
[Result "1/2-1/2"]
[WhiteElo "2761"]
[BlackElo "2515"]
[TimeControl "180+2"]
[EndTime "13:22:01 PDT"]
[Termination "Game drawn by repetition"]

1. d4 d5 2. c4 c6 3. Nf3 Nf6 4. e3 Bf5 5. Nc3 e6 6. Nh4 Be4 7. f3 Bg6 8. Qb3 Qc7 9. Bd2 Be7 10. Rc1 Nbd7 11. cxd5 exd5 12. Nxg6 hxg6 13. Nxd5 Nxd5 14.
Qxd5 Rxh2 15. Rxh2 Qg3+ 16. Kd1 cxd5 17. Rh8+ Bf8 18.
Bb4 a6 19. Rc2 Qg5 20. g4 Qf6 21. f4 Qb6 22. Ba3 Qe6 23. g5 Qe4 24. Bh3 Qd3+ 25. Rd2 Qb1+ 26. Ke2 b5 27. b3 a5 28. Bxd7+ Kxd7 29. Rxf8 Rxf8 30. Bxf8 Ke6 31. Bxg7 Kf5 32. Be5 Ke4 33.
Bc7 a4 34. bxa4 bxa4 35. Bd6 Qg1 36. a3 Qb1 37. Kf2 Qb3 38. Re2 Kd3 39. Bb4 Qb1 40.
e4 dxe4 41. d5 Qc1 42. Rd2+ Kc4 43. d6 Qh1 44. d7 Qf3+ 45. Ke1 Qh1+ 46. Kf2 Qf3+ 47.
Kg1 Qg3+ 48. Kf1 Qf3+ 49. Ke1 Qh1+ 50. Kf2 Qf3+ 1/2-1/2